 Dungeon Crawl Stone Soup version 0.18.1-8-gdd0e5ea (webtiles) character file.

30 jacquesderrida the Charmwright (level 3, 16/27 HPs)
             Began as a Demonspawn Skald on May 22, 2016.
             Quit the game on level 2 of the Dungeon.
             The game lasted 00:01:01 (522 turns).

jacquesderrida the Charmwright (Demonspawn Skald)    Turns: 522, Time: 00:01:01

Health: 16/27      AC:  3    Str: 12    XL:     3   Next: 3%
Magic:  6/6        EV: 11    Int: 13    God:
Gold:   53         SH:  0    Dex: 13    Spells: 1 memorised, 5 levels left

rFire  . . .     SeeInvis .     a - +0 spear
rCold  . . .     Gourm    .     b - +0 leather armour
rNeg   . . .     Faith    .     (no shield)
rPois  .         Spirit   .     (no helmet)
rElec  .         Dismiss  .     (no cloak)
rCorr  .         Reflect  .     (no gloves)
SustAt .         Harm     .     (no boots)
MR     .....                    (no amulet)
Stlth  +.........               (no ring)
                                (no ring)

@: not resistant to hostile enchantments, very unstealthy
A: hooves 1, powered by pain 1
a: no special abilities


You were on level 2 of the Dungeon.
You were not hungry.

You visited 1 branch of the dungeon, and saw 2 of its levels.

You collected 53 gold pieces.

Inventory:

Hand Weapons
 a - a +0 spear (weapon)
Armour
 b - a +0 leather armour (worn)
Scrolls
 e - 2 scrolls of fog {unknown}
 g - a scroll of remove curse {unknown}
 i - a scroll of identify {unknown}
 j - a scroll of recharging {unknown}
 k - a scroll of immolation {unknown}
Potions
 f - a potion of cancellation {unknown}
 h - a potion of invisibility {unknown}
 l - a potion of agility {unknown}
Books
 c - a book of Battle

   Spells                             Type                      Level
   a - Infusion                       Charms                       1
   b - Shroud of Golubria             Charms/Translocation         2
   c - Song of Slaying                Charms                       2
   d - Spectral Weapon                Hexes/Charms                 3
   e - Regeneration                   Charms/Necromancy            3
Comestibles
 d - a bread ration


   Skills:
 - Level 2.2 Fighting
 + Level 2.6 Polearms
 - Level 0.8 Armour
 - Level 1.0 Dodging
 - Level 2.1 Spellcasting
 - Level 2.9 Charms


You had 5 spell levels left.
You knew the following spells:

 Your Spells              Type           Power        Failure   Level  Hunger
a - Infusion              Chrm           #...         12%         1    ##.....


Dungeon Overview and Level Annotations

Branches:
Dungeon (2/15)

Altars:


Innate Abilities, Weirdness & Mutations

You have large cloven feet.
You sometimes gain a little power by taking damage.


Message History

You hit the dart slug but do no damage.
The dart slug is moderately wounded.
The dart slug barely misses you.
You hit the dart slug.
The dart slug is heavily wounded.
The dart slug launches a dart at you. The slug dart hits you!
You hit the dart slug but do no damage.
The dart slug is heavily wounded.
You hit the dart slug.
The dart slug is almost dead.
The dart slug bites you.
You hit the dart slug.
You kill the dart slug!
You have reached level 3!
Your experience leads to an increase in your attributes!
Increase (S)trength, (I)ntelligence, or (D)exterity?
You feel agile.
Your demonic ancestry asserts itself...
Your feet thicken and deform.
Are you sure you want to abandon this character and quit the game? (Confirm with "yes".)

.<..#######.## #.#######
#.# #.......# #.#
#.#####.###+##
#.#####.##...##
#....##.#(....##
#.##.##..(.....## #
...#.##.........####...#
................@.......
...#.##.........#.......
.....###.......##.###...
###### ##.....## .# .
##...## .. ##+## ##


There were no monsters in sight!

Vanquished Creatures
  3 dart slugs
  A goblin (D:1)
  A hobgoblin (D:1)
  4 jackals (D:1)
  2 kobolds
  2 ball pythons (D:1)
  4 bats (D:1)
  2 giant newts (D:1)
  5 rats (D:1)
24 creatures vanquished.

Notes
Turn   | Place    | Note
--------------------------------------------------------------
     0 | D:1      | jacquesderrida the Demonspawn Skald began the quest for the Orb.
     0 | D:1      | Reached XP level 1. HP: 16/16 MP: 3/3
    36 | D:1      | Reached skill level 1 in Dodging
   193 | D:1      | Gained mutation: You sometimes gain a little power by taking damage. [demonic ancestry]
   193 | D:1      | Reached XP level 2. HP: 10/22 MP: 5/5
   521 | D:2      | Gained mutation: You have large cloven feet. [demonic ancestry]
   521 | D:2      | Reached XP level 3. HP: 16/27 MP: 6/6
   522 | D:2      | Quit the game

Skill      XL: |  1  2 |
---------------+-------+-----
Dodging        | 1 |  1.0
Polearms       | 2 |  2.6
Fighting       | |  2.2
Armour         | |  0.8
Spellcasting   | |  2.1
Charms         | |  2.9

Action                   || total
-------------------------++-------
Melee: Spear             ||   103
 Stab: Sleeping          ||     2
Armor: Leather armour    ||    17
Dodge: Dodged            ||    40
